 Dungeon Crawl Stone Soup version 0.31-a0-819-gf6de2f5ab6 (webtiles) character file.

Game seed: 13786946716972887456

64 qw the Shooter (level 4, -1/28 HPs)
             Began as a Gargoyle Hunter on Sept 23, 2023.
             Slain by a gnoll bouda
             ... wielding a +0 club
              (5 damage)
             ... on level 3 of the Dungeon.
             The game lasted 00:00:40 (1742 turns).

qw the Shooter (Gargoyle Hunter)                    Turns: 1742, Time: 00:00:41

Health: -1/28      AC:  9    Str: 14    XL:     4   Next: 12%
Magic:  0/4        EV: 10    Int: 10    God:
Gold:   132        SH:  0    Dex: 15    Spells: 3/3 levels left

rFire   . . .        Y - +0 shortbow
rCold   . . .        (shield currently unavailable)
rNeg    + . .        k - +0 ring mail
rPois   inf          a - +0 helmet
rElec   +            (no cloak)
rCorr   .            (no gloves)
SInv    .            (no boots)
Will    .....        e - amulet of guardian spirit
Stlth   +            (no ring)
HPRegen 0.24/turn    (no ring)
MPRegen 0.09/turn

%: guardian spirit
@: no status effects
A: sickness immunity, AC +3, negative energy resistance 1, electricity
resistance, torment resistance 1, petrification resistance
a: no special abilities


You were on level 3 of the Dungeon.
You visited 1 branch of the dungeon, and saw 3 of its levels.

You collected 132 gold pieces.


Innate Abilities, Weirdness & Mutations

You are immune to sickness and miasma.
Your stone body is resilient. (AC +3)
You are immune to poison.
You resist negative energy. (rN+)
You are resistant to electric shocks. (rElec)
You are resistant to unholy torment.
You are immune to petrification.


   Skills:
 - Level 3.0 Fighting
 + Level 5.0 Ranged Weapons
 - Level 1.0 Armour
 - Level 1.5 Dodging
 - Level 1.1 Stealth


You had 3 spell levels left.
You didn't know any spells.
Your spell library was empty.

Inventory:

Hand Weapons
 Y - a +0 shortbow (weapon)
Armour
 a - a +0 helmet (worn)
 k - a +0 ring mail (worn)
Jewellery
 e - an amulet of guardian spirit (around neck)
Scrolls
 c - a scroll of enchant armour {unknown}
Potions
 b - a potion of enlightenment {unknown}
 g - a potion of resistance {unknown}
 j - 2 potions of degeneration {unknown}

Dungeon Overview and Level Annotations

Branches:
Dungeon (3/15)

Altars:


Message History

You hear a shout! x2
1731 ||| FLEEEEING.
The gnoll bouda barks out a call to the hunt!
The gnoll picks up the pace!
1732 ||| FLEEEEING.
1733 ||| FLEEEEING.
You shoot an arrow. The arrow hits the gnoll.
The gnoll is moderately wounded.
The gnoll closely misses you.
You shoot an arrow.
The arrow hits the gnoll but does no damage.
The gnoll is moderately wounded.
The gnoll closely misses you. The gnoll hits you with a +0 club.
You shoot an arrow. The arrow closely misses the gnoll. x2
The gnoll hits you from afar with a +0 halberd.
The gnoll barely misses you.
The gnoll hits you from afar with a +0 halberd.
You shoot an arrow. The arrow hits the gnoll.
The gnoll is moderately wounded.
The gnoll barely misses you.
The gnoll hits you from afar with a +0 halberd!
Enter note: You shoot an arrow.
The arrow hits the gnoll.
The gnoll is moderately wounded.
The gnoll barely misses you.
You shoot an arrow.
The arrow hits the gnoll but does no damage.
The gnoll is moderately wounded.
The gnoll hits you but does no damage. x2
You shoot an arrow.
The arrow hits the gnoll but does no damage.
The gnoll is moderately wounded.
You shoot an arrow.
The arrow hits the gnoll bouda but does no damage.
The gnoll bouda hits you but does no damage.
You shoot an arrow.
The arrow hits the gnoll bouda but does no damage.
The gnoll is no longer moving quickly.
The gnoll bouda hits you with a +0 club.
You die...

#.. ##.#
### #.#
#.# #.#
#.#
#.########
#........#
########.#
. #@# ...
#g#
.....###g#
........g#
....#.####
# .. ...
.g. ..


You could see a gnoll bouda and 2 gnolls.

Vanquished Creatures
  An adder (D:2)
  2 worms (D:2)
  6 orcs (D:3)
  3 ball pythons
  5 endoplasms
  2 goblins (D:2)
  6 hobgoblins
  3 jackals (D:1)
  2 quokkas
  2 frilled lizards (D:1)
  3 kobolds
  4 rats
39 creatures vanquished.

Notes
Turn   | Place    | Note
-------+----------+-------------------------------------------
     0 | D:1      | qw the Gargoyle Hunter began the quest for the Orb.
     0 | D:1      | Reached XP level 1. HP: 12/12 MP: 1/1
     0 | D:1      | 0 ||| qw: Version: 0.3-a-83-gcd0e7d8
     0 | D:1      | 0 ||| qw: Game counter: 1567
     0 | D:1      | 0 ||| qw: Melee chars always use a shield: true
     0 | D:1      | 0 ||| qw: God list: Okawaru
     0 | D:1      | 0 ||| qw: Allow faded altars: false
     0 | D:1      | 0 ||| qw: Do Orc after clearing Dungeon:15 true
     0 | D:1      | 0 ||| qw: Do second Lair branch before Depths: true
     0 | D:1      | 0 ||| qw: Lair rune preference: random
     0 | D:1      | 0 ||| qw: Goals: Normal
     0 | D:1      | 0 ||| PLANNING D:1-11
   163 | D:1      | Reached XP level 2. HP: 17/17 MP: 2/2
   221 | D:1      | Found a faded altar of an unknown god.
   598 | D:1      | 598 ||| UPGRADING to +0 ring mail.
   608 | D:1      | 608 ||| DROPPING +0 leather armour.
   609 | D:1      | 609 ||| UPGRADING to amulet of guardian spirit.
   614 | D:1      | 614 ||| READING scroll labelled IMUOGGEMUF.
   615 | D:1      | 615 ||| READING scroll labelled LUGHUTHR ZEMICANO.
   616 | D:1      | 616 ||| READING scroll labelled VUM CIDAARPH.
   621 | D:1      | 621 ||| READING scroll labelled UNYARCHO GU USA.
   622 | D:1      | 622 ||| READING scroll labelled YTRETY OPTYOL.
   623 | D:1      | 623 ||| DROPPING scroll of butterflies.
   756 | D:2      | HP: 3/17 [worm (4)]
   758 | D:2      | Reached skill level 1 in Armour
   904 | D:2      | Reached XP level 3. HP: 21/21 MP: 3/3
   990 | D:2      | Reached skill level 5 in Ranged Weapons
  1384 | D:2      | 1384 ||| UPGRADING to +0 helmet.
  1389 | D:2      | 1389 ||| READING scroll labelled JOHELIU VEECS.
  1390 | D:2      | 1390 ||| READING scroll labelled ROCLOTE BASHRIT.
  1391 | D:2      | 1391 ||| READING scroll labelled WEIFEV ZUAXETAD.
  1408 | D:2      | 1408 ||| DRINKING 2 brown potions.
  1512 | D:2      | 1512 ||| DROPPING potion of berserk rage.
  1618 | D:3      | Reached XP level 4. HP: 27/27 MP: 4/4
  1626 | D:3      | Reached skill level 3 in Fighting
  1731 | D:3      | 1731 ||| FLEEEEING.
  1732 | D:3      | 1732 ||| FLEEEEING.
  1733 | D:3      | 1733 ||| FLEEEEING.
  1737 | D:3      | HP: 2/28 [gnoll/+0 halberd[a gnoll bouda] (7)]
  1742 | D:3      | Slain by a gnoll bouda

Levels and vault maps discovered:
D:1:      ncdulo_watergridlock, layout_loops_cross,
          chequers_ecumenical_altar_grove
D:2:      layout_loops_ring
D:3:      minmay_skewed_foursquare, layout_rooms, uniq_terence

Skill      XL: |  1  2  3  4 |
---------------+-------------+-----
Armour         | 1 |  1.0
Ranged Weapons | 5 |  5.0
Fighting       | 3 |  3.0
Dodging        | |  1.5
Stealth        | |  1.1

Action                     |  1- 3 |  4- 6 || total
---------------------------+-------+-------++-------
   Fire: Shortbow          |   126 |    25 ||   151
    Use: Scroll            |     8 |       ||     8
         Potion            |     1 |       ||     1
 Armour: Leather armour    |    14 |       ||    14
         Ring mail         |    25 |    14 ||    39
  Dodge: Dodged            |    36 |     8 ||    44

Table legend:
 A = Non-vault XP
 B = Vault XP
 C = Vault XP percentage of total XP
 D = Non-vault monster count
 E = Vault monster count
 F = Vault count percentage of total count
                 A         B        C        D         E       F
            +---------+---------+-------+---------+---------+-------
      Total |      92 |       0 |   0.0 |      39 |       0 |   0.0
            +---------+---------+-------+---------+---------+-------
        D:1 |      21 |       0 |   0.0 |      13 |       0 |   0.0
        D:2 |      43 |       0 |   0.0 |      14 |       0 |   0.0
        D:3 |      28 |       0 |   0.0 |      12 |       0 |   0.0
            +---------+---------+-------+---------+---------+-------
